 Dungeon Crawl Stone Soup version 0.29.1-12-g30fa7ad0bf (webtiles) character file.

Game seed: 2228575253151195562

6117 soggyman666 the Protected (level 10, -12/61 HPs)
             Began as a Gargoyle Fighter on Dec 12, 2022.
             Was a Follower of Makhleb.
             Mangled by an orc knight
             ... wielding a +0 halberd
              (31 damage)
             ... in a bailey.
             The game lasted 00:35:47 (9835 turns).

soggyman666 the Protected (Gargoyle Fighter)        Turns: 9835, Time: 00:35:51

Health: -12/61     AC: 27    Str: 24    XL:     10   Next: 89%
Magic:  10/10      EV:  7    Int:  9    God:    Makhleb [*.....]
Gold:   331        SH:  5    Dex:  9    Spells: 9/9 levels left

rFire   . . .      SeeInvis .   a - +2 war axe (venom)
rCold   . . .      Faith    .   c - +0 buckler
rNeg    + . .      Spirit   .   r - +1 plate armour
rPois   ∞          Reflect  .   j - +0 helmet
rElec   +          Harm     .   h - +2 cloak
rCorr   .          Rampage  .   (no gloves)
Will    .....                   (no boots)
Stlth   ..........              (no amulet)
HPRegen 0.20/turn               (no ring)
MPRegen 0.12/turn               (no ring)

@: mighty, studying Armour
A: sickness immunity, AC +7, negative energy resistance 1, electricity
resistance, torment resistance 1, petrification resistance
a: Renounce Religion


You were in a bailey.
You worshipped Makhleb.
Makhleb was aware of your devotion.
You visited 2 branches of the dungeon, and saw 10 of its levels.
You also visited: Sewer and Bailey.

You collected 467 gold pieces.
You spent 136 gold pieces at shops.

Inventory:

Hand Weapons
 a - a +2 war axe of venom (weapon)
 w - a +0 hammer
Missiles
 e - 21 stones
 k - 3 poisoned darts
 t - 3 javelins (quivered)
 x - a throwing net
Armour
 c - a +0 buckler (worn)
 h - a +2 cloak (worn)
 j - a +0 helmet (worn)
 r - a +1 plate armour (worn)
Wands
 o - a wand of mindburst (8)
 q - a wand of flame (23)
 v - a wand of roots (8)
 y - a wand of quicksilver (5)
Scrolls
 m - a scroll of blinking
 n - a scroll of poison
 p - 3 scrolls of teleportation
 s - 2 scrolls of fog
Potions
 b - a potion of cancellation
 d - 4 potions of might
 f - 6 potions of curing
 g - a potion of flight {unknown}
 i - a potion of brilliance {unknown}
 l - a potion of mutation {unknown}
 z - 2 potions of heal wounds


   Skills:
 + Level 6.9 Fighting
 + Level 9.3 Axes
 - Level 3.5 Throwing
 + Level 10.0 Armour
 + Level 2.0 Dodging
 + Level 1.0 Stealth
 + Level 5.9 Shields
 * Level 5.3 Evocations


You had 9 spell levels left.
You didn't know any spells.
Your spell library contained the following spells:

 Spells                   Type           Power      Damage    Failure   Level
 Sandblast                Erth           0%         2d4       99%         1
 Slow                     Hex            0%         N/A       99%         1
 Passwall                 Tmut/Erth      0%         N/A       100%        2
 Confusing Touch          Hex            0%         N/A       100%        3
 Dazzling Flash           Conj/Hex       0%         N/A       100%        3
 Stone Arrow              Conj/Erth      0%         3d7       100%        3
 Vampiric Draining        Necr           0%         2d6       100%        3
 Agony                    Necr           0%         N/A       100%        5
 Silence                  Hex/Air        0%         N/A       100%        5
 Summon Forest            Summ/Tloc      0%         N/A       100%        5
 Eringya's Noxious Bog    Tmut/Pois      0%         N/A       100%        6
 Summon Hydra             Summ           0%         N/A       100%        7


Dungeon Overview and Level Annotations

Branches:
Dungeon (9/15)             Temple (1/1) D:7            Lair (0/5) D:9
  Sewer (visited)          Bailey (1/1)
    Orc: D:9-12

Altars:
Ashenzari
Cheibriados
Dithmenos
Elyvilon
Fedhas
Hepliaklqana
Kikubaaqudgha
Makhleb
Nemelex Xobeh
Okawaru
Qazlal
Ru
Sif Muna
Trog
Uskayaw
Vehumet
Wu Jian
Xom
Yredelemnul
Zin
The Shining One

Shops:
D:4 :[*::?   D:5 ?   D:7 :


Innate Abilities, Weirdness & Mutations

You are immune to sickness and miasma.
Your stone body is resilient. (AC +7)
You are immune to poison.
You resist negative energy. (rN+)
You are resistant to electric shocks. (rElec)
You are resistant to unholy torment.
You are immune to petrification.


Message History

Things that are here:
a +0 glaive; a +3 scale mail
There is an open door here.
As you open the gate, it creaks loudly!
You hear a shout!
An orc warrior opens the door.
Found a potion of experience and a runed triple sword.
Found two gates leading back out of this place.
An orc warrior comes into view. It is wielding a +0 halberd.
An orc knight comes into view. It is wielding a +0 halberd.
The orc knight shouts!
There is an open gate here.
The orc warrior hits you but does no damage.
Okay, then.
You feel very mighty all of a sudden.
The orc warrior hits you but does no damage.
You block the orc warrior's attack.
The orc warrior hits you from afar with a +0 halberd!
You closely miss the orc warrior.
The orc warrior hits you from afar with a +0 halberd!
The orc knight roars a battlecry!
The orc warrior goes into a battle-frenzy!
You hear a shout!
You block the orc warrior's attack.
An orc knight comes into view. It is wielding a +0 glaive.
The orc warrior hits you but does no damage.
The orc knight hits you with a +0 halberd!!
You slash the orc warrior!
The orc warrior is poisoned.
The orc warrior is moderately wounded.
You closely miss the orc knight. You slice the orc warrior!!
The orc warrior looks as sick as possible!
The orc warrior hits you with a +0 halberd!
The orc warrior hits you but does no damage.
The orc knight hits you but does no damage.
The orc warrior barely misses you.
The orc knight roars a battlecry!
The orc knight goes into a battle-frenzy!
The orc warrior barely misses you.
The orc knight hits you from afar with a +0 halberd!!
Ouch! That really hurt!
You die...

........................#≈.....#
.∩#≈...............≈#∩)##≈.....#
)##≈....#######....≈##.#≈≈.....#
)≈≈≈....##....##...≈≈≈.≈≈......#
).......##...o.##..............#
........##'''#..##.............#
....##..##∩!∩##oo#.............#
....##.####o####.##............#
....##.'.#o. #)o@##............#
....##.###.8 ###.##............#
....##.')#). #.'.##............#
....##.#########.##............#
.....#..##)#)##..#.............#
.....##..#'#'#..##.............#
......##.......##..............#
.≈≈≈...#########...≈≈≈.≈≈......#
.##≈......###......≈##.#≈≈.....#


You could see 2 orc knights and 2 orc warriors.

Vanquished Creatures
  Erolcha (D:9)
  Joseph (D:8)
  Maggie (D:7)
  Prince Ribbit (D:7)
  2 wyverns
  Menkaure (D:5)
  A steam dragon (D:8)
  Edmund (D:6)
  A water moccasin (D:8)
  A sky beast (D:6)
  2 ice beasts
  9 orc warriors
  A black bear (D:8)
  4 ogres
  A centaur (D:7)
  3 phantoms
  Blork the orc (D:6)
  4 bullfrogs
  A necrophage (D:8)
  3 scorpions (D:5)
  5 wights (D:6)
  12 killer bees
  A howler monkey (D:5)
  4 hounds
  2 jellies (D:5)
  A gnoll bouda (D:6)
  Crazy Yiuf (D:5)
  2 orc priests
  2 iguanas (D:5)
  3 orc wizards
  A hell rat (Sewer)
  10 gnolls
  7 adders
  A river rat (Sewer)
  2 shadow imps (D:8)
  A white imp (D:5)
  2 ufetubi
  A worm (D:4)
  3 dart slugs
  22 orcs
  4 endoplasms (D:1)
  6 giant cockroaches
  6 hobgoblins
  5 jackals
  5 quokkas
  6 ball pythons
  6 bats
  3 goblins (D:1)
  6 kobolds
  7 rats
177 creatures vanquished.

Notes
Turn   | Place    | Note
-------+----------+-------------------------------------------
     0 | D:1      | soggyman666 the Gargoyle Fighter began the quest for the
                  | Orb.
     0 | D:1      | Reached XP level 1. HP: 14/14 MP: 1/1
   372 | D:1      | Reached XP level 2. HP: 19/19 MP: 2/2
   743 | D:1      | Reached XP level 3. HP: 24/24 MP: 3/3
  1507 | D:2      | Found a shimmering altar of Xom.
  2178 | D:3      | Reached XP level 4. HP: 28/29 MP: 4/4
  2636 | D:4      | Reached skill level 4 in Armour
  2868 | D:4      | Found Quoriun's Book Shoppe.
  2886 | D:4      | Reached XP level 5. HP: 33/33 MP: 5/5
  2891 | D:4      | Reached skill level 1 in Throwing
  2915 | D:4      | Noticed a phantom
  2938 | D:4      | Killed a phantom
  3027 | D:4      | Reached XP level 6. HP: 37/38 MP: 6/6
  3114 | D:4      | Found Utelijy's Assorted Antiques.
  3119 | D:4      | Found Qakky's Armour Shop.
  3119 | D:4      | Found Soreje's Book Boutique.
  3120 | D:4      | Found Jyallot's Book Shop.
  3120 | D:4      | Found Jiappul's Magic Scroll Shoppe.
  3149 | D:4      | Bought a scroll of brand weapon for 114 gold pieces
  3395 | D:5      | Entered Level 5 of the Dungeon
  3468 | D:5      | Noticed Menkaure
  3486 | D:5      | HP: 1/39 [Menkaure (15)]
  3490 | D:5      | Killed Menkaure
  3491 | D:5      | Reached skill level 1 in Dodging
  3491 | D:5      | Reached XP level 7. HP: 2/44 MP: 7/7
  3529 | D:5      | Found Ilopieb's Magic Scroll Shoppe.
  3547 | D:5      | Found a glowing drain.
  3556 | Sewer    | Entered a sewer
  3993 | D:5      | Reached skill level 5 in Fighting
  3995 | D:5      | Reached skill level 5 in Armour
  3995 | D:5      | Reached XP level 8. HP: 42/49 MP: 8/8
  4100 | D:5      | Reached skill level 5 in Axes
  4472 | D:5      | Bought a scroll of identify for 22 gold pieces
  4649 | D:5      | Found a glowing silver altar of Zin.
  4786 | D:5      | Found a runed translucent door.
  4787 | D:5      | Noticed Crazy Yiuf
  5112 | D:5      | Killed Crazy Yiuf
  5586 | D:6      | Noticed Blork the orc
  5593 | D:6      | Killed Blork the orc
  5604 | D:6      | Identified a scroll of acquirement
  5646 | D:6      | Reached skill level 1 in Evocations
  5965 | D:6      | Found a shadowy altar of Dithmenos.
  5965 | D:6      | Found a radiant altar of Vehumet.
  5983 | D:6      | Reached XP level 9. HP: 55/55 MP: 9/9
  6019 | D:6      | Acquired a manual of Armour
  6044 | D:6      | Reached skill level 6 in Armour
  6046 | D:6      | Reached skill level 1 in Stealth
  6373 | D:6      | Noticed Edmund
  6390 | D:6      | Killed Edmund
  6657 | D:7      | Noticed Prince Ribbit
  6675 | D:7      | Killed Prince Ribbit
  6676 | D:7      | Reached skill level 7 in Armour
  6790 | D:7      | Found an ornate altar of the Wu Jian Council.
  6970 | D:7      | Found a staircase to the Ecumenical Temple.
  6979 | Temple   | Entered the Ecumenical Temple
  7010 | Temple   | Became a worshipper of Makhleb the Destroyer
  7022 | D:7      | Noticed Maggie
  7038 | D:7      | Killed Maggie
  7039 | D:7      | Reached skill level 5 in Shields
  7232 | D:7      | Found Okunemor's Book Shop.
  7575 | D:8      | Reached skill level 8 in Armour
  7733 | D:8      | Reached XP level 10. HP: 61/61 MP: 10/10
  7902 | D:8      | Found a stormy altar of Qazlal.
  8031 | D:8      | Noticed Joseph
  8077 | D:8      | Killed Joseph
  8884 | D:9      | Found a staircase to the Lair.
  8947 | D:8      | Found an ancient bone altar of Kikubaaqudgha.
  9079 | D:9      | Reached skill level 9 in Armour
  9105 | D:9      | Found a flagged portal.
  9107 | D:9      | Noticed Erolcha
  9130 | D:9      | Killed Erolcha
  9130 | D:9      | Reached * piety under Makhleb
  9131 | D:9      | Reached skill level 5 in Evocations
  9191 | Bailey   | Entered a bailey
  9788 | Bailey   | Reached skill level 10 in Armour
  9822 | Bailey   | Noticed an orc knight
  9833 | Bailey   | Noticed an orc knight
  9835 | Bailey   | Mangled by an orc knight

Illustrated notes

Levels and vault maps discovered:
D:1:      saegor_arrival_miasma, layout_loops_ring, serial_bayou_crossing
D:2:      layout_loops_cross, basic_altar, serial_park_tiny_pond
D:3:      layout_loops_cross, hex_tiny
D:4:      layout_cave_pools, nicolae_take_the_stairs, nicolae_wooded_promenade
D:5:      layout_loops_ring, kennysheep_little_box, serial_shops,
          kennysheep_mini, portal_sewer_entry_d, uniq_crazy_yiuf_cottage,
          uniq_menkaure
D:6:      layout_basic, mainiacjoe_overflow_divided_tiny, uniq_blork_the_orc,
          uniq_edmund
D:7:      layout_cave_pools, nicolae_wu_jian_wuxing_cycle,
          minmay_temple_entry_ruins, serial_shops, shop_fountains,
          nrook_campfire, minmay_strange_pillars, uniq_maggie,
          uniq_prince_ribbit1
D:8:      layout_basic, nicolae_overflow_hidden_temple, grunt_qazlal_clouds,
          uniq_joseph
D:9:      layout_roguey, lair_entry_dummy, enter_bailey_2, kennysheep_path_1,
          grunt_decor_fettered, uniq_erolcha, uniq_amaemon
Temple:   hellmonk_temple_two_chambers
Bailey:   bailey_polearm_2, bailey

Skill      XL: |  1  2  3  4  5  6  7  8  9 10 |
---------------+-------------------------------+-----
Fighting       | 4 5 6 |  6.9
Axes           | 2 3 4 6 8 9 |  9.3
Armour         | 4 5 8 10 | 10.0
Throwing       | 1 2 3 |  3.5
Dodging        | 1 2 |  2.0
Shields        | 4 5 |  5.9
Evocations     | 2 4 5 |  5.3
Stealth        | 1 |  1.0

Action                   |  1- 3 |  4- 6 |  7- 9 | 10-12 || total
-------------------------+-------+-------+-------+-------++-------
Melee: War axe           |   101 |   118 |   268 |   196 ||   683
Throw: Stone             |       |     9 |    23 |       ||    32
Evoke: Wand              |       |       |    11 |     5 ||    16
  Use: Scroll            |     7 |     8 |     8 |     3 ||    26
       Potion            |       |       |     1 |     1 ||     2
Armor: Scale mail        |    70 |    65 |    13 |       ||   148
       Plate armour      |       |       |   202 |   166 ||   368
Dodge: Dodged            |    48 |    59 |    86 |    93 ||   286
Block: Buckler           |    19 |    27 |    64 |    71 ||   181
